Map: Tours du crépuscule

Players

zidar

  • Race: Zerg Zerg
  • League: Silver
  • Spawn Location: 7:00

loikun - Winner!

  • Race: Zerg Zerg
  • League: Gold
  • Spawn Location: 1:00

VOD

Have the link to the VOD?

Description

Time

  • Played on: Jan. 10, 2016, 10:51 a.m.
  • Length: 4:29
Show
View Real Time Build Order
Export as new Build Order

zidar Zerg 

Build Orders: Pool Only 

Get SALT Encoding   

  12  0:01  Drone  
  13  0:10  Drone  
  14  0:27  Spawning Pool  
  13  0:29  Drone  
  14  0:38  Extractor  
  14  0:39  Drone  
  14  0:44  Overlord  
  14  1:15  Zergling x2  
  14  1:16  Queen  
  14  1:18  Zergling x4  
  19  1:28  Zergling x2  
  20  1:38  Overlord  
  20  1:51  Zergling x2  
  21  1:56  Metabolic Boost  
  21  2:01  Zergling x2  
  22  2:13  Zergling x2  
  23  2:38  Zergling x8  
  27  3:00  Zergling x6  
  27  3:04  Overlord x2  
  30  3:14  Roach Warren  
  29  3:38  Zergling x2  
  29  3:39  Zergling x4  
  32  4:00  Zergling x2  
  32  4:01  Zergling x4  
Show
View Real Time Build Order
Export as new Build Order

loikun Zerg - Winner!

Build Orders: Hatch First 

Get SALT Encoding   

  12  0:04  Drone  
  13  0:11  Drone  
  14  0:31  Extractor, Drone  
  15  0:41  Hatchery  
  14  0:58  Overlord  
  14  1:08  Spawning Pool  
  14  1:10  Drone  
  14  1:24  Drone  
  14  1:25  Drone x2  
  17  1:29  Extractor  
  16  1:41  Drone  
  17  1:56  Drone x2  
  19  2:01  Queen  
  19  2:07  Drone x2  
  23  2:13  Drone  
  24  2:16  Drone  
  24  2:19  Overlord  
  25  2:35  Queen  
  25  2:37  Zergling x2  
  28  2:41  Zergling x2  
  28  2:43  Overlord  
  29  2:44  Metabolic Boost  
  29  2:51  Drone x2  
  29  2:52  Drone  
  29  2:54  Spine Crawler  
  31  3:18  Zergling x4  
  31  3:19  Spine Crawler, Zergling x8, Baneling Nest  
  35  3:33  Spine Crawler  
  34  3:51  Zergling x8  
  34  3:52  Zergling x4  
  40  4:03  Baneling x5  
  40  4:05  Zergling x2  
  40  4:06  Zergling x6  
  40  4:09  Spine Crawler  
Tags
 
Add a new tag
Caveats
  • Supply blocks, unpowered buildings, or Contaminate may cause inaccurate times.
  • Supply counts are checked every 10 seconds.